Map: 缘起之地 - 天梯版

Players

时候

  • Race: Zerg Zerg
  • League: Platinum
  • Spawn Location: 11:00

CKinVeRse - Winner!

  • Race: Zerg Zerg
  • League: Platinum
  • Spawn Location: 5:00

VOD

Have the link to the VOD?

Description

Time

  • Played on: April 7, 2018, 1:19 a.m.
  • Length: 3:00
Show
View Real Time Build Order
Export as new Build Order

时候 Zerg 

Build Orders: Hatch First 

Get SALT Encoding   

  12  0:03  Drone  
  13  0:08  Drone  
  14  0:16  Overlord  
  14  0:35  Drone x2  
  16  0:36  Drone  
  17  0:54  Hatchery  
  17  0:55  Drone  
  17  1:00  Drone  
  18  1:10  Extractor  
  17  1:13  Drone  
  18  1:19  Spawning Pool  
  18  1:21  Drone  
  18  1:32  Drone  
  19  1:40  Overlord  
  19  2:07  Zergling x6  
  22  2:13  Zergling x2  
  23  2:17  Zergling x2  
  24  2:23  Zergling x2  
  25  2:36  Zergling x2  
  27  2:45  Drone  
Show
View Real Time Build Order
Export as new Build Order

CKinVeRse Zerg - Winner!

Build Orders: Pool Only 

Get SALT Encoding   

  12  0:15  Extractor  
  12  0:20  Spawning Pool  
  10  0:25  Drone  
  11  0:29  Drone  
  11  0:35  Drone  
  13  0:46  Overlord  
  13  1:07  Zergling x4  
  13  1:08  Zergling x2  
  16  1:15  Metabolic Boost  
  16  1:20  Zergling x2  
  17  1:30  Zergling x2  
  18  1:35  Baneling Nest  
  17  1:41  Zergling x2  
  18  1:51  Zergling x2  
  19  2:01  Queen  
  19  2:04  Zergling x2  
  22  2:19  Overlord  
  22  2:26  Baneling  
  22  2:27  Baneling x3  
  24  2:45  Baneling  
Tags
 
Add a new tag
Caveats
  • Supply blocks, unpowered buildings, or Contaminate may cause inaccurate times.
  • Supply counts are checked every 10 seconds.